 Dungeon Crawl Stone Soup version 0.16-a0-1029-gdfc7942 (webtiles) character file.

36 Kashira the Ducker (level 3, 1/14 HPs)
             Began as a Felid Ice Elementalist on Oct 4, 2014.
             Quit the game on level 2 of the Dungeon.
             The game lasted 00:04:11 (2055 turns).

Kashira the Ducker (Felid Ice Elementalist)         Turns: 2055, Time: 00:04:11

HP   1/14        AC  1     Str  5      XL: 3   Next: 19%
MP   5/9         EV 18     Int 16      God:
Gold 57          SH  0     Dex 16      Spells:  2 memorised,  5 levels left
Lives: 0, deaths: 0

rFire  . . .     SeeInvis +     (weapon unavailable)
rCold  . . .     Clarity  .     (armour unavailable)
rNeg   . . .     rCorr    .     (shield unavailable)
rPois  .         rRot     .     (helmet unavailable)
rElec  .         Spirit   .     (cloak unavailable)
SustAb .         Warding  .     (gloves unavailable)
rMut   .         Stasis   .     (boots unavailable)
Gourm  .                        (no amulet)
MR     .....                    (no ring)
                                (no ring)

@: lethally poisoned, very slightly contaminated, invisible, quick, not
resistant to hostile enchantments, fairly stealthy
A: paw claws, no armour, no weapons or thrown items, fangs 3, see invisible,
carnivore 3, speed 1, shaggy fur 1, slow metabolism 1, jump 1
a: Jump Attack


You were on level 2 of the Dungeon.
You were completely stuffed.

You visited 1 branch of the dungeon, and saw 2 of its levels.

You collected 57 gold pieces.

Inventory:

Comestibles
 c - a meat ration
Scrolls
 a - 5 scrolls of remove curse
 e - a scroll of teleportation {unknown}
 f - a scroll of fear {unknown}
Books
 b - a book of Frost

   Spells                             Type                      Level
   *Freeze                            Ice                          1
   *Throw Frost                       Conjuration/Ice              2
   Ozocubu's Armour                   Charms/Ice                   3
   Throw Icicle                       Conjuration/Ice              4
   Summon Ice Beast                   Ice/Summoning                4
   Condensation Shield                Ice                          4


   Skills:
 - Level 0.2 Fighting
 - Level 3.0 Dodging
 - Level 2.9 Stealth
 + Level 3.0 Spellcasting
 - Level 0.8 Conjurations
 - Level 2.9 Ice Magic


You had 5 spell levels left.
You knew the following spells:

 Your Spells              Type           Power        Failure   Level  Hunger
a - Freeze                Ice            ##..         8%          1    #......
b - Throw Frost           Conj/Ice       #.....       14%         2    ##.....


Dungeon Overview and Level Annotations

Branches:
Dungeon (2/15)

Altars:


Innate Abilities, Weirdness & Mutations

You cannot wear armour.
You are incapable of wielding weapons or throwing items.
Your paws have sharp claws.
You have razor-sharp teeth.
You have supernaturally acute eyesight.
You are carnivorous and can eat meat at any time.
You cover ground quickly.
You are covered in fur (AC +1).
You have a slow metabolism.
You can jump attack at a short distance.


Message History

You freeze the adder.
You kill the adder!
Your Spellcasting skill increases to level 3!
You have reached level 3!
Your experience leads to an increase in your attributes!
Increase (S)trength, (I)ntelligence, or (D)exterity?
You feel stronger.
* * * LOW HITPOINT WARNING * * *
You feel sick.
Read which item? (? for menu, Esc to quit)
As you read the scroll labeled KAIN UHUI, it crumbles to dust.
You feel blessed for a moment.
It was a scroll of remove curse.
Read which item? (? for menu, Esc to quit)
Okay, then.
Unknown command.
There is a lethal amount of poison in your body!
Are you sure you want to abandon this character and quit the game? (Confirm with "yes".)
Okay, then.
Unknown command.
Are you sure you want to abandon this character and quit the game? (Confirm with "yes".)

###
..#
#.#
#.#
#.#
#.#
#%#
#@#
#.#
..#
####


There were no monsters in sight!

Vanquished Creatures
  An adder (D:2)
  A ball python (D:1)
  3 giant cockroaches (D:1)
  6 goblins (D:1)
  A hobgoblin (D:1)
  6 jackals (D:1)
  4 bats (D:1)
  A giant newt (D:1)
  2 kobolds (D:1)
  3 rats (D:1)
28 creatures vanquished.

Notes
Turn   | Place    | Note
--------------------------------------------------------------
     0 | D:1      | Kashira, the Felid Ice Elementalist, began the quest for the Orb.
     0 | D:1      | Reached XP level 1. HP: 7/7 MP: 4/4
   504 | D:1      | Reached XP level 2. HP: 11/11 MP: 3/5
   546 | D:1      | Learned a level 2 spell: Throw Frost
   673 | D:1      | Reached skill level 3 in Dodging
  2053 | D:2      | Reached XP level 3. HP: 2/14 MP: 5/9
  2055 | D:2      | Quit the game

Action                   || total
-------------------------++-------
Melee: Unarmed           ||    11
 Cast: Freeze            ||    45
       Throw Frost       ||     5
  Use: Potion            ||     3
       Scroll            ||     1
 Stab: Sleeping          ||     2
  Eat: Chunk             ||    10
